 Dungeon Crawl Stone Soup version 0.28.0-45-g0d030f2227 (webtiles) character file.

Game seed: 17359137243279604806

438 zeratav the Insei (level 7, 0/46 HPs)
             Began as an Octopode Transmuter on Apr 8, 2022.
             Slain by a river rat (7 damage)
             ... on level 5 of the Dungeon.
             The game lasted 00:12:36 (4593 turns).

zeratav the Insei (Octopode Transmuter)             Turns: 4593, Time: 00:12:36

Health: 0/46       AC:  2    Str:  9    XL:     7   Next: 1%
Magic:  5/10       EV: 18    Int: 22    God:
Gold:   167        SH:  0    Dex: 19    Spells: 6/10 levels left

rFire   . . .      SeeInvis .     - Unarmed
rCold   . . .      Faith    .   (shield currently unavailable)
rNeg    . . .      Spirit   .   (helmet currently unavailable)
rPois   x          Reflect  .   (no amulet)
rElec   .          Harm     .   j - +6 ring of intelligence
rCorr   .          Rampage  .   (no ring)
Will    .....                   (no ring)
Stlth   +++.......              (no ring)
HPRegen 0.15/turn               (no ring)
MPRegen 0.12/turn               (no ring)
                                (no ring)
                                (no ring)

@: spider-form (expiring), constricted
A: venomous fangs, almost no armour, (amphibious), 8 rings, tiny, (camouflage
1), (gelatinous body 1), (nimble swimmer 1), (tentacles)
a: End Transformation


You were on level 5 of the Dungeon.
You were a venomous arachnid creature.
You visited 2 branches of the dungeon, and saw 6 of its levels.

You collected 167 gold pieces.


Innate Abilities, Weirdness & Mutations

You are a venomous arachnid creature.
You have poisonous fangs.
You are tiny and dextrous.
Your spellcasting is less reliable in this form.
Your armour is entirely melded.
You are incapable of wielding weapons or throwing items.
You cannot wear most types of armour.
((You are amphibious.))
You can wear up to eight rings at the same time.
((Your skin changes colour to match your surroundings (Stealth+).))
((Your rubbery body absorbs attacks. (AC +1, EV +1)))
((You are camouflaged when in or above water. (Stealth+)))
((You have tentacles for arms and can constrict up to eight enemies at once.))


   Skills:
 + Level 3.2 Fighting
 + Level 3.5 Dodging
 + Level 4.1 Stealth
 * Level 5.3 Unarmed Combat
 - Level 2.0 Spellcasting
 - Level 2.0 Transmutations


You had 6 spell levels left.
You knew the following spells:

 Your Spells              Type           Power      Damage    Failure   Level
a - Beastly Appendage     Tmut           22%        N/A       17%         1
b - Spider Form           Tmut/Pois      6%         N/A       47%         3

Your spell library contained the following spells:

 Spells                   Type           Power      Damage    Failure   Level
 Wereblood                Tmut           11%        N/A       22%         2
 Animate Skeleton         Necr           4%         N/A       32%         1
 Apportation              Tloc           4%         N/A       32%         1
 Summon Small Mammal      Summ           8%         N/A       32%         1
 Ice Form                 Ice/Tmut       6%         N/A       83%         4
 Summon Lightning Spire   Summ/Air       2%         N/A       92%         4
 Storm Form               Tmut/Air       3%         N/A       100%        7
 Maxwell's Capacitive Co  Air            1%         ∞         100%        8

Inventory:

Hand Weapons
 d - a +2 vampiric hand axe (melded) {axe}
   (You found it on level 1 of the Dungeon)
Armour
 q - the +6 buckler of the Wilderness {rF+ Will- Int+2 Dex+6}
   (You found it on level 4 of the Dungeon)

   Int:       It affects your intelligence (+2).
   Dex:       It affects your dexterity (+6).
   rF:        It protects you from fire.
   Will:      It decreases your willpower.
Jewellery
 j - a +6 ring of intelligence (left front leg)
   (You found it on level 3 of the Dungeon)
Wands
 l - a wand of digging (3)
   (You took it off Robin on level 3 of the Dungeon)
Scrolls
 a - 2 scrolls of noise {unknown}
 b - 2 scrolls of identify {unknown}
 e - 2 scrolls of enchant armour {unknown}
 g - 2 scrolls of teleportation {unknown}
 k - a scroll of holy word {unknown}
 m - a scroll of immolation {unknown}
 n - 2 scrolls of magic mapping {unknown}
 s - a scroll of fog {unknown}
Potions
 c - a potion of invisibility {unknown}
 f - a potion of haste {unknown}
 h - a potion of flight {unknown}
 i - 3 potions of heal wounds {unknown}
 o - a potion of lignification {unknown}
 p - 2 potions of curing {unknown}
 r - 2 potions of brilliance {unknown}

Dungeon Overview and Level Annotations

Branches:
Dungeon (5/15)             Temple (1/1) D:4

Altars:
Cheibriados
Dithmenos
Elyvilon
Fedhas
Gozag
Hepliaklqana
Kikubaaqudgha
Makhleb
Nemelex Xobeh
Okawaru
Sif Muna
Trog
Uskayaw
Vehumet
Wu Jian
Xom
Yredelemnul
Zin
The Shining One

Shops:
D:3 :

Portals:
Sewer: D:5

Annotations:
D:2 Sigmund

#.#...#####..)#
.Z####.#..........##
............#####.##
..####..............
#.#####.##.#.#.......
..........#.#.######
###.....(....####
##.Z<.............
#!Ss#######...###|
#..#rrr≈∩##.### #..
rr≈≈≈##5# #..
.≈≈≈≈##.o #.. ...≈≈#
.. #.. .....# ... #..
.##....... #.. ..
...#


You could see 3 river rats, a hound zombie, a ball python and 2 rats.


Message History

You lost 3 mp, and now have 6/9 mp.
You hit the orc. The orc barely misses you.
You hit the orc. The river rat closely misses you. The orc misses you.
You hit the white imp but do no damage. The river rat misses you.
The orc barely misses you. The white imp closely misses you.
You hit the white imp but do no damage. The river rat closely misses you.
The orc hits you with a +0 dagger. The white imp completely misses you.
HP[-2]
You take 2 damage, and now have 40/42 hp.
You barely miss the white imp.
Your transformation is almost over.
The river rat barely misses you. The white imp gestures at you.
The puff of frost misses you. The orc closely misses you.
You hit the white imp but do no damage. The river rat barely misses you.
The white imp completely misses you. The orc hits you with a +0 dagger.
HP[-1]
You take 1 damage, and now have 39/42 hp.
You hit the white imp. The river rat misses you. The orc barely misses you.
The white imp misses you. The ball python closely misses you.
The ball python misses you.
You hit the white imp. The ball python completely misses you.
The ball python closely misses you. The river rat bites you.
The orc hits you with a +0 dagger. The white imp gestures at you.
The puff of frost hits you!
HP[-13]
You take 13 damage, and now have 26/42 hp.
MASSIVE DAMAGE!! (PAUSE)
You hit the white imp. The river rat misses you.
The white imp closely misses you. The orc completely misses you.
MP[+1]
You bite the white imp!
You kill the white imp!
The adder completely misses you. The ball python closely misses you.
The ball python completely misses you. The river rat misses you.
The orc barely misses you.
You hit the adder.
The adder is poisoned.
The adder bites you.
The ball python closely misses you. x2; The river rat completely misses you.
The orc barely misses you.
HP[-2]
You take 2 damage, and now have 24/42 hp.
You closely miss the adder. The adder completely misses you.
The hound zombie completely misses you. The ball python misses you. x2
The river rat completely misses you. The adder bites you.
* * * LOW HITPOINT WARNING * * *
The orc closely misses you.
HP[-3]
You take 3 damage, and now have 21/42 hp.
You closely miss the adder.
Your transformation has ended.
Your +2 vampiric hand axe {axe} unmelds from your body.
You feel a sense of dread. The hound zombie closely misses you.
The ball python bites you.
* * * LOW HITPOINT WARNING * * *
The ball python misses you. The adder barely misses you.
The hound zombie barely misses you. The river rat bites you!
* * * LOW HITPOINT WARNING * * *
HP[-12]
You take 12 damage, and now have 9/42 hp.
MASSIVE DAMAGE!! (PAUSE)
Casting: Spider Form (quite dangerous; 26% risk of failure)
Confirm with . or Enter, or press ? or * to list all spells.
The spell is quite dangerous to miscast (26% risk of failure)!
Continue anyway?
You turn into a venomous arachnid creature.
Your +2 vampiric hand axe {axe} melds into your body.
You feel the dreadful sensation subside.
The ball python closely misses you. x2; The orc hits you with a +0 dagger.
* * * LOW HITPOINT WARNING * * *
The adder bites you.
* * * LOW HITPOINT WARNING * * *
The hound zombie closely misses you. The ball python misses you.
The ball python barely misses you. The river rat misses you.
HP[-2] MP[-3]
You take 2 damage, and now have 7/42 hp.
You lost 3 mp, and now have 4/9 mp.
You hit the adder. The orc misses you. The adder closely misses you.
The hound zombie completely misses you. The ball python closely misses you.
The ball python misses you.
You hit the adder.
You kill the adder!
The river rat misses you. The orc barely misses you.
The hound zombie closely misses you. The ball python misses you.
The ball python grabs you. The ball python constricts you.
You have reached level 7!
HP[+1]
You now have 46 max hp (+4).
You hit the orc. The river rat closely misses you.
The orc hits you with a +0 dagger.
* * * LOW HITPOINT WARNING * * *
The hound zombie bites you.
* * * LOW HITPOINT WARNING * * *
The ball python closely misses you. The ball python constricts you.
HP[-1]
You take 1 damage, and now have 7/46 hp.
You hit the orc.
You kill the orc!
Your transformation is almost over.
The hound zombie completely misses you. The river rat bites you!
You die...

Skill      XL: |  1  2  3  4  5  6 |
---------------+-------------------+-----
Stealth        | 1 2 3 4 |  4.1
Unarmed Combat | 4 5 |  5.3
Fighting       | 2 3 |  3.2
Dodging        | 3 |  3.5
Spellcasting   | |  2.0
Transmutations | |  2.0

Action                   |  1- 3 |  4- 6 |  7- 9 || total
-------------------------+-------+-------+-------++-------
Melee: Unarmed           |    15 |    16 |     2 ||    33
       Kick              |    14 |     7 |       ||    21
       Constrict         |    15 |    39 |       ||    54
       Tentacles         |    12 |    29 |       ||    41
       Hand axe          |    30 |   153 |       ||   183
       Punch             |       |     9 |       ||     9
 Cast: Beastly Appendage |    15 |     5 |       ||    20
       Spider Form       |       |     3 |       ||     3
 Stab: Sleeping          |     9 |    13 |       ||    22
       Distracted        |       |     1 |       ||     1
Armor: Skin              |     4 |    12 |       ||    16
Dodge: Dodged            |    33 |   175 |     3 ||   211

Levels and vault maps discovered:
D:1:      lemuel_arrival_cross, layout_loops_cross, serial_rivers,
          chequers_serial_rivers_micro_d, chequers_serial_rivers_micro_e,
          chequers_serial_rivers_micro_b, chequers_serial_rivers_micro_b,
          ebering_ecumenical_altar_webs
D:2:      layout_basic, minmay_misc_feat_tiny, grunt_ministairs_5,
          kennysheep_generic_room_3, uniq_sigmund
D:3:      layout_loops_ring, serial_shops, nicolae_shop_hallway_stairs,
          uniq_robin
D:4:      layout_loops_ring, minmay_temple_entry_from_below_a,
          minmay_crystal_room
D:5:      cheibrodos_two_vegetables, layout_loops_ring, portal_sewer_entry_b,
          uniq_edmund
Temple:   mainiacjoe_temple_bowtie_tessellation

Notes
Turn   | Place    | Note
-------+----------+-------------------------------------------
     0 | D:1      | zeratav the Octopode Transmuter began the quest for the
                  | Orb.
     0 | D:1      | Reached XP level 1. HP: 13/13 MP: 3/3
     0 | D:1      | magus.rc [v1.9.6]
   167 | D:1      | Reached XP level 2. HP: 18/18 MP: 3/5
   281 | D:1      | Reached skill level 1 in Stealth
   292 | D:1      | Found a faded altar of an unknown god.
   775 | D:2      | Noticed Sigmund
   874 | D:2      | Reached XP level 3. HP: 23/23 MP: 4/6
  1027 | D:2      | HP: 6/24 [worm (10)]
  1028 | D:2      | Reached skill level 2 in Stealth
  1031 | D:2      | Reached XP level 4. HP: 4/29 MP: 7/7
  1466 | D:2      | Reached skill level 4 in Unarmed Combat
  1582 | D:2      | You pick up a book of Cantrips and begin reading...
  1582 | D:2      | You add the spells Animate Skeleton, Summon Small Mammal
                  | and Apportation to your library.
  1615 | D:2      | Reached skill level 2 in Fighting
  1734 | D:3      | Found Yrphikh's Book Shoppe.
  1849 | D:3      | Learned a level 3 spell: Spider Form
  2000 | D:3      | Reached XP level 5. HP: 34/34 MP: 8/8
  2079 | D:3      | You pick up a book of the Sky and begin reading...
  2079 | D:3      | You add the spells Summon Lightning Spire, Storm Form and
                  | Maxwell's Capacitive Coupling to your library.
  2160 | D:3      | Noticed Robin
  2238 | D:3      | Killed Robin
  2815 | D:4      | Reached skill level 3 in Dodging
  2815 | D:4      | Reached skill level 3 in Stealth
  2816 | D:4      | Found a staircase to the Ecumenical Temple.
  2976 | D:4      | Reached XP level 6. HP: 14/41 MP: 9/9
  3193 | D:4      | Identified the +2 cloak of the Shining Light {+Blink}
  3318 | D:4      | Identified the +6 buckler of the Wilderness {rF+ Will-
                  | Int+2 Dex+6}
  3981 | D:5      | Entered Level 5 of the Dungeon
  3991 | D:5      | Reached skill level 3 in Fighting
  3991 | D:5      | Reached skill level 5 in Unarmed Combat
  4175 | D:5      | Reached skill level 4 in Stealth
  4203 | Temple   | Entered the Ecumenical Temple
  4574 | D:5      | Found a glowing drain.
  4588 | D:5      | HP: 9/42 [river rat (9)]
  4592 | D:5      | Reached XP level 7. HP: 8/46 MP: 4/10
  4593 | D:5      | Slain by a river rat

Vanquished Creatures
  A water moccasin skeleton (D:5)
  A howler monkey (D:4)
  A hound (D:4)
  An orc priest (D:4)
  A centaur skeleton (D:5)
  An iguana (D:5)
  A hound skeleton (D:4)
  Robin (D:3)
  9 adders
  2 white imps
  An ufetubus (D:3)
  A worm (D:2)
  4 dart slugs
  15 orcs
  3 endoplasms
  5 giant cockroaches
  12 goblins
  8 hobgoblins
  4 jackals (D:2)
  6 kobolds
  3 quokkas
  4 ball pythons
  7 bats
  A frilled lizard (D:1)
  4 rats
97 creatures vanquished.

Table legend:
 A = Non-vault XP
 B = Vault XP
 C = Vault XP percentage of total XP
 D = Non-vault monster count
 E = Vault monster count
 F = Vault count percentage of total count
                 A         B        C        D         E       F
            +---------+---------+-------+---------+---------+-------
      Total |     563 |      66 |  10.5 |      81 |      16 |  16.5
            +---------+---------+-------+---------+---------+-------
        D:1 |      28 |       1 |   3.4 |      15 |       1 |   6.2
        D:2 |      86 |      15 |  14.9 |      19 |       2 |   9.5
        D:3 |      56 |      36 |  39.1 |      18 |      12 |  40.0
        D:4 |     226 |       0 |   0.0 |      23 |       0 |   0.0
        D:5 |     167 |      14 |   7.7 |       6 |       1 |  14.3
            +---------+---------+-------+---------+---------+-------

Illustrated notes

Table legend:
 A = Kills in this place as a percentage of kills in entire the game.
 B = Kills by you in this place as a percentage of kills by you in the entire game.
 C = Kills by friends in this place as a percentage of kills by friends in the entire game.
 D = Other kills in this place as a percentage of other kills in the entire game.
 E = Experience gained in this place as a percentage of experience gained in the entire game.
 F = Experience gained in this place divided by the number of levels of this place that you have seen.
                   A       B       C       D       E      F
               +-------+-------+-------+-------+-------+----------------------
         Total | 100.0 | 100.0 |   N/A |   N/A | 100.0 | 104.8
       Dungeon | 100.0 | 100.0 |   N/A |   N/A | 100.0 | 125.8
               +-------+-------+-------+-------+-------+----------------------

Table legend: (Time is in decaauts)
 A = Elapsed time spent in this place.
 B = Non-inter-level travel time spent in this place.
 C = Inter-level travel time spent in this place.
 D = Time resting spent in this place.
 E = Time spent auto-exploring this place.
 F = Levels seen in this place.
 G = Mean time per level.
                   A        B        C        D        E       F      G
               +--------+--------+--------+--------+--------+-----+--------+
         Total |   4645 |   3944 |    701 |   1084 |   1441 |   6 |  774.2 |
       Dungeon |   4281 |   3586 |    695 |   1084 |   1094 |   5 |  856.2 |
        Temple |    363 |    357 |      6 |      0 |    347 |   1 |  363.0 |
               +--------+--------+--------+--------+--------+-----+--------+

Top non-repeatable levels by time:
     D:4: 1205 daAuts
     D:3: 1089 daAuts
     D:2: 909 daAuts
     D:1: 838 daAuts
  Temple: 363 daAuts
     D:5: 238 daAuts
